 Dungeon Crawl Stone Soup version 0.22.1-2-g9c5b331383 (webtiles) character file.

4295 Peloso the Carver (level 10, -2/86 HPs)
             Began as a Minotaur Fighter on Nov 25, 2018.
             Was an Elder of Okawaru.
             Splashed by Joseph's acid (12 damage)
             ... on level 7 of the Dungeon.
             The game lasted 00:13:31 (7424 turns).

Peloso the Carver (Minotaur Fighter)                Turns: 7424, Time: 00:13:32

Health: -2/86      AC:  3    Str: 23    XL:     10   Next: 11%
Magic:  9/9        EV:  8    Int:  5    God:    Okawaru [****..]
Gold:   538        SH: 12    Dex: 11    Spells: 9/9 levels left

rFire    + . .     SeeInvis .   a - +0 long sword
rCold    . . .     Gourm    .   c - +0 shield
rNeg     . . .     Faith    .   d - +0 chain mail {rF+}
rPois    .         Spirit   .   (helmet restricted)
rElec    .         Reflect  .   (no cloak)
rCorr    .         Harm     .   (no gloves)
MR       .....                  (no boots)
Stlth    ..........             (no amulet)
HPRegen  0.24/turn              (no ring)
MPRegen  0.11/turn              (no ring)

@: corroded
A: retaliatory headbutt, horns 2
a: Heroism, Renounce Religion


You were on level 7 of the Dungeon.
You worshipped Okawaru.
Okawaru was greatly pleased with you.
You were not hungry.

You visited 2 branches of the dungeon, and saw 8 of its levels.

You collected 538 gold pieces.

Inventory:

Hand Weapons
 a - a +0 long sword (weapon)
Armour
 b - a +0 scale mail
 c - a +0 shield (worn)
 d - a +0 chain mail of fire resistance (worn)
Wands
 k - a wand of disintegration (7)
 z - a wand of digging (13)
 A - a wand of flame (7)
Scrolls
 e - 2 scrolls of blinking {unknown}
 g - 2 scrolls of magic mapping {unknown}
 h - a scroll of random uselessness {unknown}
 i - 2 scrolls of enchant armour {unknown}
 j - 3 scrolls of amnesia {unknown}
 m - 2 scrolls of fog {unknown}
 o - 5 scrolls of teleportation {unknown}
 r - 6 scrolls of identify {unknown}
 v - 2 scrolls of immolation {unknown}
 w - 2 scrolls of enchant weapon {unknown}
 y - 3 scrolls of remove curse {unknown}
Potions
 l - 2 potions of magic {unknown}
 n - 3 potions of haste {unknown}
 p - 2 potions of lignification {unknown}
 q - a potion of resistance {unknown}
 s - a potion of brilliance {unknown}
 t - 3 potions of curing {unknown}
 u - 3 potions of heal wounds {unknown}
 x - a potion of flight {unknown}
 B - a potion of degeneration {unknown}
Comestibles
 f - 7 rations


   Skills:
 + Level 7.3 Fighting
 + Level 10.7 Long Blades
 + Level 8.7 Armour
 + Level 3.0 Dodging
 + Level 0.9 Stealth
 + Level 9.7 Shields
 + Level 0.1 Invocations


You had 9 spell levels left.
You didn't know any spells.
Your spell library contained the following spells:

 Spells                   Type           Power        Failure   Level  Hunger
 Animate Skeleton         Necr           N/A          100%        1    ##.....
 Pain                     Necr           #...         100%        1    ##.....
 Regeneration             Chrm/Necr      #.........   100%        3    ####...
 Vampiric Draining        Necr           #.........   100%        3    ####...
 Animate Dead             Necr           N/A          100%        4    #####..


Dungeon Overview and Level Annotations

Branches:
Dungeon (7/15)             Temple (1/1) D:5

Altars:
Dithmenos
Elyvilon
Fedhas
Kikubaaqudgha
Nemelex Xobeh
Okawaru
Sif Muna
Trog
Xom
The Shining One

Annotations:
D:7 Joseph


Innate Abilities, Weirdness & Mutations

You reflexively headbutt those who attack you in melee.
You have a pair of horns on your head.


Message History

Joseph is moderately wounded.
Joseph hits you with an uncursed quarterstaff of protection!
You closely miss Joseph.
Joseph is moderately wounded.
Joseph hits you with an uncursed quarterstaff of protection!
* * * LOW HITPOINT WARNING * * *
You closely miss Joseph.
Joseph is moderately wounded.
You hit Joseph but do no damage.
Joseph is moderately wounded.
Joseph barely misses you.
You hit Joseph.
Joseph is moderately wounded.
Joseph hits you but does no damage.
You hit Joseph but do no damage.
Joseph is moderately wounded.
Joseph zaps a wand.
The bolt of acid hits you!
* * * LOW HITPOINT WARNING * * *
The acid corrodes you!
You are splashed with acid!
The acid burns!
You die...

#.# ###.#+#####
#.........#
#.........#
#.........#
#.(.......#
#..(......#
#######
#....<....#
......#
#.....(.@.#
#####.#
#.......@.#
#.###.........#
#.......#######
#########


You could see Joseph.

Vanquished Creatures
  Harold (D:7)
  Pikel (D:6)
  The ghost of megamayne420 the Cleaver, a novice HOMo (D:6)
  Sigmund (D:4)
  Duvessa (D:7)
  A sky beast (D:6)
  2 phantoms
  A black bear (D:7)
  An ice beast (D:6)
  2 ogres
  9 big kobolds (D:5)
  Blork the orc (D:4)
  A bullfrog (D:4)
  Dowan (D:7)
  3 scorpions
  A howler monkey (D:6)
  A crimson imp (D:5)
  A centaur zombie (D:7)
  A bullfrog skeleton (D:7)
  2 hounds
  A centaur skeleton (D:6)
  3 orc priests
  A jelly (D:7)
  2 iguanas
  An orc wizard (D:6)
  Natasha (thrice) (D:4)
  3 worker ants
  2 hound skeletons
  14 gnolls
  9 adders
  2 shadow imps
  2 oozes (D:3)
  A worm (D:6)
  2 dart slugs
  4 leopard geckos
  13 orcs
  6 bats
  5 giant cockroaches
  6 goblins
  10 hobgoblins
  13 jackals
  4 quokkas
  2 ball pythons
  6 frilled lizards
  45 kobolds
  A quokka skeleton (D:7)
  A quokka zombie (D:3)
  6 rats
201 creatures vanquished.

Notes
Turn   | Place    | Note
-------+----------+-------------------------------------------
     0 | D:1      | Peloso the Minotaur Fighter began the quest for the Orb.
     0 | D:1      | Reached XP level 1. HP: 19/19 MP: 0/0
   105 | D:1      | Reached XP level 2. HP: 27/27 MP: 1/1
   250 | D:1      | Found a glowing golden altar of the Shining One.
   833 | D:2      | Reached XP level 3. HP: 32/33 MP: 2/2
  1097 | D:2      | Reached skill level 3 in Long Blades
  1616 | D:2      | Reached XP level 4. HP: 35/41 MP: 3/3
  1903 | D:3      | Found a bloodstained altar of Trog.
  2216 | D:3      | Reached XP level 5. HP: 36/47 MP: 4/4
  2397 | D:3      | Reached skill level 1 in Dodging
  2456 | D:4      | Reached skill level 4 in Long Blades
  2536 | D:4      | Reached skill level 5 in Shields
  2544 | D:4      | Found a sparkling altar of Nemelex Xobeh.
  2615 | D:4      | Reached skill level 5 in Armour
  2615 | D:4      | Reached XP level 6. HP: 32/53 MP: 5/5
  2803 | D:4      | Noticed Natasha
  2806 | D:4      | Killed Natasha
  2806 | D:4      | Reached skill level 5 in Long Blades
  2858 | D:4      | Noticed Sigmund
  2874 | D:4      | Killed Sigmund
  2874 | D:4      | Reached XP level 7. HP: 49/60 MP: 6/6
  2900 | D:4      | Reached skill level 5 in Fighting
  2964 | D:4      | Reached skill level 6 in Long Blades
  3022 | D:4      | Found a shadowy altar of Dithmenos.
  3085 | D:4      | Noticed Blork the orc
  3097 | D:4      | Killed Blork the orc
  3197 | D:4      | Noticed Natasha
  3209 | D:4      | Killed Natasha
  3398 | D:4      | Noticed Natasha
  3417 | D:4      | HP: 3/61 [crimson imp[Natasha] (2)]
  3418 | D:4      | Killed Natasha
  3810 | D:5      | Entered Level 5 of the Dungeon
  3823 | D:5      | Found a staircase to the Ecumenical Temple.
  3837 | Temple   | Entered the Ecumenical Temple
  3859 | Temple   | Became a worshipper of Warmaster Okawaru
  4641 | D:5      | Reached skill level 7 in Long Blades
  4641 | D:5      | Reached XP level 8. HP: 68/68 MP: 7/7
  4669 | D:5      | Reached * piety under Okawaru
  4834 | D:5      | Reached skill level 8 in Long Blades
  4924 | D:5      | Reached ** piety under Okawaru
  5614 | D:6      | Reached XP level 9. HP: 75/75 MP: 8/8
  5639 | D:6      | Reached skill level 9 in Long Blades
  5838 | D:6      | Found a runed door.
  5863 | D:6      | Noticed megamayne420's ghost (novice HOMo)
  6281 | D:6      | Killed megamayne420's ghost
  6307 | D:7      | Noticed Duvessa
  6308 | D:7      | Noticed Dowan
  6459 | D:7      | Killed Duvessa
  6471 | D:7      | Killed Dowan
  6625 | D:7      | Noticed Pikel
  6654 | D:6      | Killed Pikel
  6654 | D:6      | Reached *** piety under Okawaru
  6654 | D:6      | Reached skill level 10 in Long Blades
  6782 | D:7      | Noticed Harold
  6803 | D:7      | Killed Harold
  6803 | D:7      | Reached **** piety under Okawaru
  6803 | D:7      | Reached XP level 10. HP: 20/86 MP: 9/9
  7408 | D:7      | Noticed Joseph
  7424 | D:7      | Splashed by Joseph's acid

Skill      XL: |  1  2  3  4  5  6  7  8  9 |
---------------+----------------------------+-----
Armour         | 4 5 6 7 8 |  8.7
Fighting       | 4 5 7 |  7.3
Shields        | 4 5 6 8 9 |  9.7
Long Blades    | 3 4 5 7 8 10 | 10.7
Dodging        | 1 3 |  3.0
Stealth        | |  0.9
Invocations    | |  0.1

Action                   |  1- 3 |  4- 6 |  7- 9 | 10-12 || total
-------------------------+-------+-------+-------+-------++-------
Melee: Long sword        |   125 |   117 |   452 |    17 ||   711
       Headbutt          |    16 |    18 |    95 |     3 ||   132
Invok: Heroism           |       |       |     1 |       ||     1
  Use: Potion            |       |       |     1 |       ||     1
  Eat: Ration            |     1 |       |     1 |     1 ||     3
       Chunk             |       |     3 |    10 |       ||    13
Armor: Scale mail        |    17 |       |       |       ||    17
       Chain mail        |    52 |    53 |   212 |     5 ||   322
Dodge: Dodged            |    43 |    37 |   128 |     4 ||   212
Block: Shield            |    65 |    67 |   317 |     7 ||   456
       Rpst.: Long sword |    14 |     9 |    29 |     2 ||    54
